 Dungeon Crawl Stone Soup version 0.29-a0-380-gf50f0a9fbc (webtiles) character file.

Game seed: 13899503519159717836

4349 thiscave3701365 the Cleaver (level 10, -4/88 HPs)
             Began as a Minotaur Berserker on May 5, 2022.
             Was a Priest of Trog.
             Slain by a gnoll sergeant
             ... wielding a +0 glaive
              (9 damage)
             ... in a bailey.
             The game lasted 00:11:10 (13841 turns).

thiscave3701365 the Cleaver (Minotaur Berserker)   Turns: 13841, Time: 00:11:10

Health: -4/88      AC: 18    Str: 25    XL:     10   Next: 12%
Magic:  9/9        EV:  9    Int:  4    God:    Trog [***...]
Gold:   542        SH:  0    Dex: 11    Spells: 9/9 levels left

rFire   . . .      SeeInvis .   x - +0 battleaxe
rCold   . . .      Faith    .   (shield currently unavailable)
rNeg    . . .      Spirit   .   r - +0 plate armour
rPois   .          Reflect  .   (helmet restricted)
rElec   .          Harm     .   (no cloak)
rCorr   .          Rampage  .   (no gloves)
Will    +....                   (no boots)
Stlth   ..........              (no amulet)
HPRegen 0.24/turn               v - +4 ring of protection
MPRegen 0.11/turn               f - ring of willpower

@: on berserk cooldown, slowed, very slow
A: horns 2, retaliatory headbutt
a: Renounce Religion, Berserk, Trog's Hand


You were in a bailey.
You worshipped Trog.
Trog was most pleased with you.
You visited 1 branch of the dungeon, and saw 7 of its levels.
You also visited: Ossuary and Bailey.

You collected 542 gold pieces.

Inventory:

Hand Weapons
 a - a +0 hand axe
 x - a +0 battleaxe (weapon)
Missiles
 i - 4 throwing nets
Armour
 r - a +0 plate armour (worn)
Jewellery
 f - a ring of willpower (right hand)
 n - an amulet of guardian spirit
 v - a +4 ring of protection (left hand)
Wands
 t - a wand of polymorph (3)
Scrolls
 c - 8 scrolls of immolation
 d - 3 scrolls of teleportation
 g - a scroll of blinking
 l - 2 scrolls of poison {unknown}
 q - 7 scrolls of identify
 w - a scroll of magic mapping {unknown}
Potions
 b - 6 potions of heal wounds
 e - 2 potions of lignification {unknown}
 h - 6 potions of curing
 j - 4 potions of berserk rage {unknown}
 k - a potion of ambrosia {unknown}
 m - 2 potions of might {unknown}
 o - a potion of degeneration {unknown}
 p - 2 potions of attraction
 s - 2 potions of haste {unknown}
 u - a potion of resistance {unknown}


   Skills:
 + Level 8.1 Fighting
 + Level 11.5 Axes
 + Level 10.2 Armour
 + Level 6.2 Dodging
 + Level 0.1 Stealth


You had 9 spell levels left.
You didn't know any spells.
Your spell library was empty.

Dungeon Overview and Level Annotations

Branches:
Dungeon (7/15)            Ossuary (visited)          Bailey (1/1)
 Temple: D:4-7

Altars:
Hepliaklqana
Makhleb
Nemelex Xobeh
Wu Jian
Yredelemnul

Shops:
D:2 (   D:5 [*


Innate Abilities, Weirdness & Mutations

You have a pair of horns on your head.
You reflexively headbutt those who attack you in melee.


Message History

You miss the wolf.
The wolf is heavily wounded.
The wolf barely misses you. The gnoll sergeant barely misses you.
The gnoll throws a throwing net.
The throwing net hits you.
You become entangled in the net!
The gnoll sergeant hits you but does no damage.
The gnoll barely misses you.
The gnoll shaman calls upon its god to speed up the gnoll shaman.
The gnoll shaman seems to speed up.
The wolf bites you but does no damage.
You struggle against the net.
The gnoll sergeant hits you from afar with a +0 glaive!
* * * LOW HITPOINT WARNING * * *
The wolf bites you but does no damage. The gnoll barely misses you.
The gnoll hits you from afar with a +0 spear.
* * * LOW HITPOINT WARNING * * *
The gnoll sergeant hits you from afar with a +0 halberd.
* * * LOW HITPOINT WARNING * * *
The gnoll sergeant hits you but does no damage.
The gnoll shaman calls upon its god to speed up the gnoll.
The gnoll seems to speed up.
You struggle against the net.
You feel a strong urge to attack something.
The gnoll sergeant hits you from afar with a +0 glaive!
* * * LOW HITPOINT WARNING * * *
The wolf bites you but does no damage.
The gnoll hits you from afar with a +0 spear.
* * * LOW HITPOINT WARNING * * *
The gnoll sergeant hits you from afar with a +0 halberd!
* * * LOW HITPOINT WARNING * * *
The gnoll sergeant hits you but does no damage.
You struggle against the net.
You are no longer berserk.
You are exhausted.
You feel yourself slow down.
The gnoll sergeant hits you but does no damage.
The wolf bites you but does no damage.
Unknown command.
You rip the net and break free!
The wolf bites you but does no damage.
The gnoll sergeant hits you from afar with a +0 glaive!
You die...

♣≈ ##......# #.. ♣≈.
#.......+ #.. ♣≈.
#.)...##### #..
♣≈..#.)).##...## #..
♣≈..##)###.....######..
♣≈......#.....).#...'.)
♣≈....).'...8).)'...'..
♣≈......#.......#...'..
♣≈..##@###.....######..
♣≈..#†h†g##...## #..
♣≈. #ggggg##### #.. ♣≈.
#..gggg. #.. ♣≈
##........ #..
##.8..... ###.. #######
#...≈ ≈≈≈≈≈≈≈≈≈
♣♣♣♣♣♣♣♣♣


You could see 4 gnoll sergeants, a wolf, 3 gnoll shamans and 3 gnolls.

Vanquished Creatures
  Grinder (D:5)
  Eustachio (D:5)
  A steam dragon (D:6)
  4 water moccasins
  Duvessa (D:5)
  3 ice beasts
  2 sky beasts
  An ogre (D:6)
  3 wolves (Bailey)
  2 kobold brigands (D:6)
  A phantom (D:4)
  3 bullfrogs
  3 water moccasin zombies (Ossuary)
  5 gnoll sergeants
  7 wights (D:7)
  Dowan (D:5)
  2 jellies
  7 hounds
  4 gnoll shamans
  An orc priest (D:6)
  Ijyb (D:5)
  3 iguanas
  10 orc wizards
  2 mummies (Ossuary)
  26 gnolls
  13 adders
  A white imp (D:5)
  2 ufetubi (D:4)
  2 adder zombies (Ossuary)
  4 worms
  16 orcs
  3 endoplasms
  2 giant cockroaches
  7 gnoll zombies (Ossuary)
  6 goblins
  6 hobgoblins
  3 quokkas
  10 ball pythons
  5 bats
  3 frilled lizards (D:1)
  3 hobgoblin zombies (Ossuary)
  13 kobolds
  5 kobold zombies (Ossuary)
  4 orc zombies (Ossuary)
  4 rats
207 creatures vanquished.

Vanquished Creatures (others)
  39 plants (D:6)
39 creatures vanquished.

Grand Total: 246 creatures vanquished

Notes
Turn   | Place    | Note
-------+----------+-------------------------------------------
     0 | D:1      | thiscave3701365 the Minotaur Berserker began the quest for
                  | the Orb.
     0 | D:1      | Reached XP level 1. HP: 19/19 MP: 0/0
   809 | D:1      | Reached XP level 2. HP: 27/27 MP: 1/1
  1114 | D:1      | Found a faded altar of an unknown god.
  1171 | D:1      | Reached skill level 4 in Axes
  1471 | D:2      | Found the +8 lance "Wyrmbane" {slay drac, rPois rF+ rC+
                  | AC+3}
  1726 | D:2      | Reached XP level 3. HP: 17/33 MP: 2/2
  1910 | D:2      | Found Jonaef Vawu's Weapon Shop.
  2003 | D:2      | Identified the +1 ring mail of the Sneaky Runes {Regen+}
  3550 | D:3      | Reached XP level 4. HP: 40/40 MP: 3/3
  4966 | D:4      | Found an ornate altar of the Wu Jian Council.
  4994 | D:4      | Reached XP level 5. HP: 47/47 MP: 4/4
  5176 | D:4      | Noticed a phantom
  5183 | D:4      | Killed a phantom
  5247 | D:4      | Reached skill level 5 in Fighting
  5247 | D:4      | Reached skill level 5 in Axes
  5398 | D:4      | Found a hazy altar of Hepliaklqana.
  5414 | D:4      | Noticed a water moccasin
  5422 | D:4      | Killed a water moccasin
  5423 | D:4      | Reached XP level 6. HP: 56/56 MP: 5/5
  6801 | D:5      | Entered Level 5 of the Dungeon
  6846 | D:5      | Found a sand-covered staircase.
  6873 | D:5      | Found Deukkym's Armour Shop.
  6915 | Ossuary  | Entered an ossuary
  6942 | Ossuary  | Reached ** piety under Trog
  6962 | Ossuary  | Reached skill level 5 in Armour
  6962 | Ossuary  | Reached XP level 7. HP: 42/62 MP: 6/6
  7185 | Ossuary  | Reached skill level 6 in Axes
  7478 | D:5      | Noticed Ijyb
  7491 | D:5      | Killed Ijyb
  7786 | D:5      | Reached skill level 5 in Dodging
  7792 | D:5      | Found Senia's CLEARANCE SALE!.
  8376 | D:5      | Noticed Duvessa
  8376 | D:5      | Noticed Dowan
  8377 | D:5      | Found a sparkling altar of Nemelex Xobeh.
  8381 | D:5      | Noticed Eustachio
  8385 | D:5      | Killed Duvessa
  8402 | D:5      | Killed Dowan
  8403 | D:5      | Reached XP level 8. HP: 48/71 MP: 7/7
  8414 | D:5      | Killed Eustachio
  8800 | D:5      | Noticed Grinder
  8812 | D:5      | Killed Grinder
  8813 | D:5      | Reached skill level 7 in Axes
  9228 | D:5      | Found a burning altar of Makhleb.
  9821 | D:6      | Reached skill level 8 in Axes
 10131 | D:6      | Found a basalt altar of Yredelemnul.
 10162 | D:6      | Reached XP level 9. HP: 34/80 MP: 8/8
 10791 | D:6      | Reached skill level 9 in Axes
 11373 | D:6      | Reached *** piety under Trog
 11601 | D:6      | Reached skill level 10 in Axes
 12465 | D:7      | Reached skill level 11 in Axes
 12522 | D:7      | Found a flagged portal.
 12540 | Bailey   | Entered a bailey
 13018 | Bailey   | Reached skill level 10 in Armour
 13018 | Bailey   | Reached XP level 10. HP: 64/88 MP: 9/9
 13841 | Bailey   | Slain by a gnoll sergeant

Illustrated notes

Levels and vault maps discovered:
D:1:      dpeg_arrival_line_fractal, layout_rooms, basic_ecumenical_altar,
          kennysheep_doodads, minmay_misc_feat_secret_circle
D:2:      layout_loops_corners, serial_shops,
          nicolae_shop_temple_entry_statues_fountains
D:3:      layout_basic
D:4:      layout_layer_cave, old_standard_altar,
          mainiacjoe_overflow_concentric_impassable, serial_park_tiny_pond
D:5:      layout_loops_ring, mainiacjoe_overflow_alcove_2,
          makhleb_blood_cavern_becter, nicolae_ossuary_entry_false_entrances,
          serial_shops, shop_fountains, nrook_mini_backslash,
          nicolae_shop_clearance, uniq_ijyb, uniq_eustachio, uniq_grinder,
          uniq_duvessa
D:6:      kennysheep_housing_project, layout_loops_ring,
          mainiacjoe_overflow_tiny_flanked
D:7:      kennysheep_kobold_camp, layout_loops_ring, minmay_temple_entry_mist,
          lightli_bailey_entry_fortress
Bailey:   bailey_polearm_gnolls_kennysheep, bailey

Skill      XL: |  1  2  3  4  5  6  7  8  9 |
---------------+----------------------------+-----
Axes           | 4 5 6 8 11 | 11.5
Fighting       | 4 5 6 7 8 |  8.1
Armour         | 3 4 5 6 7 10 | 10.2
Dodging        | 3 4 5 6 |  6.2
Stealth        | |  0.1

Action                   |  1- 3 |  4- 6 |  7- 9 | 10-12 || total
-------------------------+-------+-------+-------+-------++-------
Melee: Hand axe          |    82 |   136 |   323 |       ||   541
       Headbutt          |     9 |    28 |    73 |     8 ||   118
       Punch             |       |     1 |     5 |       ||     6
       Battleaxe         |       |       |    49 |    31 ||    80
Invok: Berserk           |     3 |     4 |    14 |     2 ||    23
  Use: Scroll            |       |    11 |       |       ||    11
Armor: Animal skin       |    10 |     3 |       |       ||    13
       Plate armour      |       |    68 |   220 |    34 ||   322
Dodge: Dodged            |    50 |    65 |   145 |    35 ||   295

Table legend: (Time is in decaauts)
 A = Elapsed time spent in this place.
 B = Non-inter-level travel time spent in this place.
 C = Inter-level travel time spent in this place.
 D = Time resting spent in this place.
 E = Time spent auto-exploring this place.
 F = Levels seen in this place.
 G = Mean time per level.
                   A        B        C        D        E       F      G
               +--------+--------+--------+--------+--------+-----+--------+
         Total |  14033 |  13662 |    371 |   6613 |   5763 |   9 | 1559.2 |
       Dungeon |  12229 |  11858 |    371 |   5425 |   5338 |   7 | 1747.0 |
       Ossuary |    485 |    485 |      0 |      0 |    376 |   1 |  485.0 |
        Bailey |   1318 |   1318 |      0 |   1188 |     49 |   1 | 1318.0 |
               +--------+--------+--------+--------+--------+-----+--------+

Top non-repeatable levels by time:
     D:6: 2873 daAuts
     D:5: 2176 daAuts
     D:4: 1968 daAuts
     D:3: 1790 daAuts
     D:2: 1774 daAuts
     D:1: 1370 daAuts
  Bailey: 1318 daAuts
 Ossuary: 485 daAuts
     D:7: 276 daAuts
